 Dungeon Crawl Stone Soup version 0.30.0-29-ga12c61a403 (webtiles) character file.

Game seed: 5061032637460189738

113 cheesebisquit the Insei (level 4, 10/34 HPs)
             Began as a Merfolk Transmuter on June 11, 2023.
             Quit the game on level 2 of the Dungeon.
             The game lasted 00:05:31 (1207 turns).

cheesebisquit the Insei (Merfolk Transmuter)        Turns: 1207, Time: 00:05:32

Health: 10/34      AC:  3    Str: 10    XL:     4   Next: 96%
Magic:  6/7        EV: 12    Int: 14    God:
Gold:   31         SH:  0    Dex: 14    Spells: 1/7 levels left

rFire   . .          .
                       - Unarmed
rCold   . . .        (no shield)
rNeg    . . .        f - +0 leather armour
rPois   .            (no helmet)
rElec   .            (no cloak)
rCorr   .            (no gloves)
SInv    .            (no boots)
Will    .....        (no amulet)
Stlth   +            (no ring)
HPRegen 0.25/turn    (no ring)
MPRegen 0.10/turn

%: no passive effects
@: no status effects
A: (nimble swimmer 2), mertail
a: no special abilities


You were on level 2 of the Dungeon.
You visited 1 branch of the dungeon, and saw 2 of its levels.

You collected 31 gold pieces.

Inventory:

Armour
 f - a +0 leather armour (worn)
Scrolls
 a - a scroll of teleportation {unknown}
 d - a scroll of identify {unknown}
 e - a scroll of vulnerability {unknown}
 h - a scroll of enchant weapon {unknown}
Potions
 b - 2 potions of lignification
 c - a potion of might {unknown}
 g - 2 potions of invisibility {unknown}


   Skills:
 + Level 2.3 Fighting
 + Level 0.4 Armour
 - Level 3.0 Dodging
 + Level 1.0 Stealth
 * Level 4.7 Unarmed Combat
 + Level 2.4 Spellcasting
 - Level 3.0 Transmutations


You had one spell level left.
You knew the following spells:

 Your Spells              Type           Power      Damage    Failure   Level
a - Beastly Appendage     Tmut           20%        N/A       9%          1
b - Wereblood             Tmut           10%        N/A       14%         2
c - Spider Form           Tmut/Pois      5%         N/A       45%         3

Your spell library contained the following spells:

 Spells                   Type           Power      Damage    Failure   Level
 Ice Form                 Ice/Tmut       5%         N/A       86%         4


Dungeon Overview and Level Annotations

Branches:
Dungeon (2/15)

Altars:


Innate Abilities, Weirdness & Mutations

((You are very nimble when in or above water. (Stealth+, EV+, Speed+++)))
Your lower body shifts to a powerful aquatic tail in water.


Message History

The phantom is severely damaged.
The phantom hits you.
* * * LOW HITPOINT WARNING * * *
Your magical contamination has completely faded away.
You hit the phantom but do no damage.
The phantom is severely damaged.
The phantom closely misses you.
You completely miss the phantom. Your headbutt misses the phantom.
The phantom is severely damaged.
The phantom barely misses you.
You hit the phantom.
The phantom is severely damaged.
You barely miss the phantom.
The phantom is severely damaged.
The phantom hits you but does no damage.
You hit the phantom.
The phantom is almost destroyed.
The phantom barely misses you.
You closely miss the phantom.
The phantom is almost destroyed.
The phantom hits you.
* * * LOW HITPOINT WARNING * * *
You hit the phantom.
You destroy the phantom!
Training target 3.0 for Dodging reached!
Training target 3.0 for Transmutations reached!
Your Dodging skill increases to level 3!
Your Stealth skill increases to level 1!
Your Transmutations skill increases to level 3!
You have reached level 4!
Memorise Wereblood, consuming 2 spell levels and leaving 4?
You start memorising the spell.
You continue memorising.
Your horns disappear.
You continue memorising.
You finish memorising.
Spell assigned to 'b'.
This spell is quite dangerous to cast!
Memorise Spider Form, consuming 3 spell levels and leaving 1?
You start memorising the spell.
You continue memorising. x3
You finish memorising.
Spell assigned to 'c'.
Are you sure you want to abandon this character and quit the game? (Confirm with "yes".)

########
#......###############
#.####.@.............#
#.# ###############.#
#.# #.# #§# ###.###
#§# #...... #.#
###<.#### #.#
#.......† #.#
#.#..#### #.# #.#..#


There were no monsters in sight!

Vanquished Creatures
  A phantom (D:2)
  A dart slug (D:1)
  3 bats (D:1)
  An endoplasm (D:1)
  2 giant cockroaches (D:1)
  4 goblins (D:1)
  2 hobgoblins (D:1)
  3 jackals (D:1)
  A quokka (D:2)
  3 ball pythons
  4 frilled lizards
  4 kobolds (D:1)
  4 rats (D:1)
33 creatures vanquished.

Notes
Turn   | Place    | Note
-------+----------+-------------------------------------------
     0 | D:1      | cheesebisquit the Merfolk Transmuter began the quest for
                  | the Orb.
     0 | D:1      | Reached XP level 1. HP: 15/15 MP: 3/3
   328 | D:1      | Reached XP level 2. HP: 21/21 MP: 3/5
   542 | D:1      | Reached skill level 4 in Unarmed Combat
   684 | D:1      | Reached XP level 3. HP: 25/27 MP: 4/6
  1169 | D:2      | Noticed a phantom
  1199 | D:2      | Killed a phantom
  1200 | D:2      | Reached skill level 1 in Stealth
  1200 | D:2      | Reached XP level 4. HP: 8/34 MP: 5/7
  1203 | D:2      | Learned a level 2 spell: Wereblood
  1207 | D:2      | Learned a level 3 spell: Spider Form
  1207 | D:2      | Quit the game

Illustrated notes

Levels and vault maps discovered:
D:1:      dpeg_arrival_leaves_temple_mockup, layout_loops_ring,
          roderic_lattice_a, dreamdust_mushroom_princess
D:2:      layout_loops_ring, uniq_terence

Skill      XL: |  1  2  3 |
---------------+----------+-----
Unarmed Combat | 4 |  4.7
Fighting       | 2 |  2.3
Dodging        | 3 |  3.0
Stealth        | 1 |  1.0
Transmutations | 3 |  3.0
Armour         | |  0.4
Spellcasting   | |  2.4

Action                     |  1- 3 |  4- 6 || total
---------------------------+-------+-------++-------
  Melee: Unarmed           |   110 |       ||   110
         Punch             |     2 |       ||     2
         Headbutt          |    18 |       ||    18
   Cast: Beastly Appendage |    25 |       ||    25
 Armour: Robe              |     4 |       ||     4
         Leather armour    |    19 |       ||    19
  Dodge: Dodged            |    60 |       ||    60
